cohdb
Replays
Latest Replays
All Replays
Popular Replays
Top Player Replays
Match Explorer
How It Works
Community
CoH3 Stats
Reddit
Sign in to upload your games and track your stats! →
Sign in with Steam
Match 40990372
Unlisted
Match 40990372
Overview
Messages
Build Orders
End
Royal Engineer Section
Construct Section Command Post
Infantry Section
Infantry Section
Infantry Section
Construct Field Infirmary
Selects Indian Artillery Battlegroup
Selects Artillery Saturation
Construct Field Infirmary
Construct Platoon Command Post
Selects Valour
Infantry Training
Humber Armored Car
Selects Gurkha Rifles Section
Gurkha Rifles Section
6-pounder Anti-tank Gun Team
Construct Company Command Post
Selects Volunteer Infantry
Crusader II Medium Tank
Crusader II Medium Tank
Crusader II Medium Tank
Armored Vehicle Training
Selects Off-map Airburst Barrage
Crusader II Medium Tank
Wolfe
Manitou
0
0
Comments
sign in to comment!
No comments posted yet!